 Dungeon Crawl Stone Soup version 0.14.2 (webtiles) character file.

276 FuckCats the Insei (level 5, -2/42 HPs)
             Began as a Mummy Monk on Feb 4, 2016.
             Killed from afar by an orc wizard (16 damage)
             ... with a puff of flame
             ... on Level 3 of the Dungeon.
             The game lasted 00:05:19 (4606 turns).

FuckCats the Insei (Mummy Monk)                     Turns: 4606, Time: 00:05:20

HP  -2/42        AC  0     Str 14      XL: 5   Next: 12%
MP   5/5         EV 13     Int  9      God:
Gold 123         SH  0     Dex 15      Spells:  0 memorised,  4 levels left

rFire  x . .     SeeInvis .       - Unarmed
rCold  + . .     Clarity  .     (no armour)
rNeg   + + +     Conserve .     (no shield)
rPois  +         rCorr    .     (no helmet)
rElec  .         rRot     +     (no cloak)
SustAb . .       Spirit   .     (no gloves)
rMut   .         Warding  .     (no boots)
Saprov . . .     Stasis   .     (no amulet)
MR     .....                    (no ring)
                                (no ring)

@: not resistant to hostile enchantments, fairly stealthy
A: no food or potions, fire vulnerability, restore body, cold resistance 1, life
protection 3, poison resistance, torment resistance, unbreathing
a: no special abilities


You were on level 3 of the Dungeon.
You were not hungry.

You visited 1 branch of the dungeon, and saw 3 of its levels.

You collected 123 gold pieces.


Innate Abilities, Weirdness & Mutations

You do not eat or drink.
Your flesh is vulnerable to fire.
Your flesh is cold resistant.
You are immune to negative energy.
Your system is resistant to poisons.
You are immune to unholy pain and torment.
You can survive without breathing.


   Skills:
 + Level 3.8 Fighting
 - Level 2.4 Dodging
 - Level 1.5 Stealth
 - Level 5.0 Unarmed Combat


You had 4 spell levels left.
You didn't know any spells.

Inventory:

Missiles
 d - 6 curare-tipped needles (quivered)
Scrolls
 b - a scroll of teleportation
 c - 3 scrolls of remove curse
 e - 4 scrolls of blinking
 g - a scroll of amnesia

Dungeon Overview and Level Annotations

Branches:
Dungeon (3/15)

Altars:

▒······▒▒▒▒·······
▒··▒··▒▒··▒▒··▒▒▒▒
▒·····▒▒··▒▒··▒
▒··▒·▒▒····▒▒)▒
▒o···▒▒····▒▒·▒▒▒▒
▒····▒······▒·····
▒····▒······▒··▒▒▒
▒······▒▒·····▒▒
▒M·▒··▒▒▒▒▒▒▒·▒
▒··▒·▒▒▒▒▒▒▒▒·▒▒▒▒
▒·················
▒<···g············
▒·▒▒▒▒▒▒▒▒▒▒▒··▒▒▒
▒·▒ ▒··▒ ▒·▒ ▒··▒
▒·▒▒▒▒▒▒▒▒▒▒▒··▒▒▒
▒·················


You could see an orc wizard and a gnoll.


Message History

The hobgoblin is too close now for your liking.
The hobgoblin barely misses you.
You hit the hobgoblin.
The hobgoblin is almost dead.
The hobgoblin barely misses you.
You closely miss the hobgoblin.
The hobgoblin is almost dead.
You closely miss the hobgoblin.
The hobgoblin is almost dead.
The hobgoblin closely misses you.
You hit the hobgoblin.
You kill the hobgoblin!
(D) Dungeon
Where to? (Enter - D:3 @ (x,y), ? - help)
The orc wizard shouts!
The orc wizard casts a spell.
The orc wizard flickers and vanishes!
Deactivating autopickup; reactivate with Ctrl-A.
The magic dart hits you!
You hear some strange, mumbled words.
The puff of flame hits you! The fire burns you terribly!
Your scroll of magic mapping catches fire!
* * * LOW HITPOINT WARNING * * *
The magic dart hits you!
* * * LOW HITPOINT WARNING * * *
An orc wizard appears from thin air!
Reactivating autopickup.
The orc wizard points at you and mumbles some strange words.
The puff of flame hits you! The fire burns you terribly!
You die...

Action                   |  1- 3 |  4- 6 || total
-------------------------+-------+-------++-------
Melee: Unarmed           |   145 |   141 ||   286
  Use: Scroll            |       |     5 ||     5
 Stab: Sleeping          |     5 |       ||     5

Vault maps used:
D:1:      lightli_arrival_lavapool
D:3:      minmay_misc_feat_x, corexii_shack

Notes
Turn   | Place    | Note
--------------------------------------------------------------
     0 | D:1      | FuckCats, the Mummy Monk, began the quest for the Orb.
     0 | D:1      | Reached XP level 1. HP: 18/18 MP: 1/1
   104 | D:1      | Reached XP level 2. HP: 5/24 MP: 2/2
   804 | D:1      | Reached skill level 4 in Unarmed Combat
  1127 | D:1      | Reached XP level 3. HP: 29/29 MP: 3/3
  2558 | D:2      | Reached XP level 4. HP: 21/35 MP: 4/4
  3291 | D:2      | Reached skill level 5 in Unarmed Combat
  4306 | D:3      | Reached XP level 5. HP: 24/42 MP: 5/5
  4606 | D:3      | Killed from afar by an orc wizard

Vanquished Creatures
  6 adders
  3 giant mites
  A worm (D:2)
  7 orcs
  A ball python (D:1)
  2 giant cockroaches
  6 goblins
  11 hobgoblins
  4 jackals
  4 kobolds
  3 quokkas (D:2)
  4 bats
  5 giant geckos
  2 giant newts
  5 rats
64 creatures vanquished.
